 Dungeon Crawl Stone Soup version 0.31-a0-408-gb642c7f9a3 (webtiles) character file.

Game seed: 1201995831887858859

185161 RocketPapaya413 the Shatterer (level 18, -10/204 HPs)
             Began as an Ogre Warper on July 30, 2023.
             Was the Champion of Cheibriados.
             Killed from afar by a fire giant (30 damage)
             ... with a bolt of fire
             ... on level 3 of the Depths.
             The game lasted 02:37:16 (29409 turns).

RocketPapaya413 the Shatterer (Ogre Warper)        Turns: 29409, Time: 02:37:16

Health: -10/204    AC: 11    Str: 44    XL:     18   Next: 43%
Magic:  27/30      EV: 10    Int: 35    God:    Cheibriados [******]
Gold:   1285       SH:  0    Dex: 23    Spells: 5/33 levels left

rFire   . . .        n - +7 giant spiked club (spect)
rCold   . . .        (shield currently unavailable)
rNeg    + + +        y - +2 faerie dragon scales {rCorr Str+3}
rPois   .            t - +2 hat of the Sparrow {rN+ Will++ Str+2}
rElec   +            p - scarf of Burning Music {repulsion, rElec rN++ Str+4}
rCorr   +            (gloves unavailable)
SInv    +            (boots unavailable)
Will    +++..        j - amulet of magic regeneration
Stlth   ++           g - ring of see invisible
HPRegen 0.54/turn    F - ring of wizardry
MPRegen 0.62/turn

%: repel missiles, wizardry (x1)
@: about to teleport, studying Throwing, very slow
A: large, unfitting armour, tough skin 1
a: Renounce Religion, Bend Time, Temporal Distortion, Slouch, Step From Time


You were on level 3 of the Depths.
You worshipped Cheibriados.
Cheibriados was exalted by your worship.
You visited 4 branches of the dungeon, and saw 25 of its levels.
You also visited: Sewer, Bailey, Gauntlet and Ice Cave.

You collected 5356 gold pieces.
You spent 4071 gold pieces at shops.

Inventory:

Hand Weapons
 n - a +7 spectral giant spiked club (weapon)
Missiles
 x - 7 curare-tipped darts
 O - 67 large rocks (quivered)
Armour
 c - a +4 troll leather armour
 l - a +2 robe of fire resistance
 m - a +2 robe of cold resistance
 p - the scarf of Burning Music (worn) {repulsion, rElec rN++ Str+4}
   (You acquired it on level 2 of the Orcish Mines)

   Str:       It affects your strength (+4).
   rElec:     It insulates you from electricity.
   rN:        It greatly protects you from negative energy.
 t - the +2 hat of the Sparrow (worn) {rN+ Will++ Str+2}
   (You acquired it on level 7 of the Dungeon)

   Str:       It affects your strength (+2).
   rN:        It protects you from negative energy.
   Will:      It greatly increases your willpower.
 y - the +2 faerie dragon scales (worn) {rCorr Str+3}
   (You took it off the Enchantress on level 3 of the Depths)

   Str:       It affects your strength (+3).
   rCorr:     It protects you from acid and corrosion.
Jewellery
 a - a +4 ring of protection
 g - a ring of see invisible (left hand)
 j - an amulet of magic regeneration (around neck)
 v - a ring of willpower
 F - a ring of wizardry (right hand)
 K - a ring of ice
 N - a +6 ring of strength
 W - a ring of positive energy
 Z - the amulet "Xifoipoga" {Reflect Drain rC+ Will+ Int+2 SH+5}
   (You found it on level 13 of the Dungeon)

   [amulet of reflection]

   It reflects blocked missile attacks.
   Int:       It affects your intelligence (+2).
   rC:        It protects you from cold.
   Drain:     It drains your maximum health when unequipped.
   SH:        It affects your SH (+5).
   Will:      It increases your willpower.
Wands
 k - a wand of flame (22)
 I - a wand of quicksilver (18)
 X - a wand of digging (8)
Scrolls
 d - 6 scrolls of blinking
 i - 8 scrolls of teleportation
 o - 4 scrolls of brand weapon
 q - 7 scrolls of vulnerability
 r - 3 scrolls of butterflies
 s - a scroll of revelation
 w - 3 scrolls of torment
 z - 4 scrolls of poison
 B - 3 scrolls of fog
 D - 3 scrolls of amnesia
 E - 2 scrolls of immolation
 L - 10 scrolls of identify
 Y - 3 scrolls of silence
Potions
 b - 6 potions of invisibility
 e - 8 potions of brilliance
 f - a potion of mutation
 h - 5 potions of curing
 A - 5 potions of enlightenment
 C - a potion of might
 G - a potion of cancellation
 J - a potion of resistance
 M - 2 potions of magic
 S - 4 potions of lignification
 T - 2 potions of ambrosia
Miscellaneous
 u - a phantom mirror
 Q - a box of beasts


   Skills:
 - Level 18.0 Fighting
 - Level 22.0 Maces & Flails
 - Level 2.0 Throwing
 - Level 2.1 Dodging
 - Level 8.0 Spellcasting
 - Level 9.0 Translocations
 - Level 5.0 Ice Magic
 + Level 13.5 Invocations


You had 5 spell levels left.
You knew the following spells:

 Your Spells              Type           Power      Damage    Failure   Level
a - Blink                 Tloc           100%       N/A       1%          2
b - Manifold Assault      Tloc           67%        N/A       1%          4
c - Lesser Beckoning      Tloc           100%       N/A       1%          2
d - Vhi's Electric Charg  Tloc/Air       90%        N/A       1%          3
e - Ozocubu's Armour      Ice            49%        N/A       1%          3
f - Gell's Gravitas       Tloc           67%        N/A       1%          3
g - Dispersal             Tloc           33%        N/A       5%          6
h - Frozen Ramparts       Ice            98%        1d15      1%          3
i - Passwall              Tmut/Erth      11%        N/A       1%          2

Your spell library contained the following spells:

 Spells                   Type           Power      Damage    Failure   Level
 Kiss of Death            Conj/Necr      56%        2d9       1%          1
 Slow                     Hex            56%        N/A       1%          1
 Summon Small Mammal      Summ           56%        N/A       1%          1
 Cigotuvi's Dreadful Rot  Necr/Pois/Air  28%        N/A       1%          2
 Momentum Strike          Conj/Tloc      90%        3d10      1%          2
 Teleport Other           Tloc           67%        N/A       1%          3
 Volatile Blastmotes      Fire/Tloc      90%        2d17      1%          3
 Call Canine Familiar     Summ           14%        N/A       4%          3
 Confusing Touch          Hex            14%        N/A       4%          3
 Dazzling Flash           Conj/Hex       28%        N/A       4%          3
 Ignite Poison            Fire/Tmut/Pois 14%        N/A       4%          3
 Stone Arrow              Conj/Erth      28%        3d8       4%          3
 Summon Guardian Golem    Hex/Summ       14%        N/A       4%          3
 Tukima's Dance           Hex            14%        N/A       4%          3
 Summon Ice Beast         Ice/Summ       31%        N/A       4%          4
 Dispel Undead            Necr           14%        3d10      13%         4
 Leda's Liquefaction      Hex/Erth       7%         N/A       13%         4
 Metabolic Englaciation   Hex/Ice        15%        N/A       13%         5
 Arcjolt                  Conj/Air       7%         1d17      34%         5
 Lee's Rapid Deconstruct  Erth           7%         3d6*      34%         5
 Simulacrum               Ice/Necr       15%        N/A       56%         6
 Ozocubu's Refrigeration  Ice            24%        4d12      78%         7
 Death Channel            Necr           7%         N/A       87%         6
 Leda's Unmaking          Conj/Erth      7%         9d2       87%         6
 Plasma Beam              Fire/Air       7%         2x1d17    87%         6
 Starburst                Conj/Fire      7%         6d4       87%         6
 Haunt                    Necr/Summ      7%         N/A       100%        7
 Borgnjor's Revivificati  Necr           7%         N/A       100%        8
 Maxwell's Capacitive Co  Air            7%         ∞         100%        8
 Death's Door             Necr           7%         N/A       100%        9


Dungeon Overview and Level Annotations

Branches:
Dungeon (15/15)            Temple (0/1) D:7            Lair (5/5) D:11
 Shoals (0/4) Lair:2       Spider (0/4) Lair:2        Slime (0/5) Lair:5
    Orc (2/2) D:12            Elf (0/3) Orc:2        Vaults (0/5) D:14
 Depths (3/4) D:15          Sewer (visited)          Bailey (visited)
  IceCv (visited)         Gauntlet (visited)

Altars:
Ashenzari
Cheibriados
Fedhas
Hepliaklqana
Okawaru
Ru
Trog
Uskayaw
Vehumet
Yredelemnul
The Shining One
Jiyva

Shops:
D:3 !   D:5 [*   D:7 (   D:12 *!(:[   Orc:1 :   Orc:2 [=?((::
Depths:1 *[(=:=(:

Portals:
Hell: Depths:1 Depths:2
Abyss: Depths:1 Depths:2 Depths:3
Pandemonium: Depths:1 Depths:2
Ziggurat: Depths:1

Annotations:
D:2 Sigmund
Depths:1 exclusion: orange crystal statue


Innate Abilities, Weirdness & Mutations

You are too large for most types of armour.
You have tough skin. (AC +1)


Message History

* * * LOW HITPOINT WARNING * * *
The fireball engulfs the fire giant.
The fire giant resists.
The wall freezes the fire giant.
The fire giant hits you with a +2 great sword of flaming.
* * * LOW HITPOINT WARNING * * *
The fire giant burns you.
* * * LOW HITPOINT WARNING * * *
You feel much better.
The storm dragon resists.
The wall freezes the storm dragon.
The vampire knight resists.
The wall freezes the vampire knight.
The vampire knight mumbles some strange words.
The vampire knight flickers and vanishes for a moment.
The fire giant casts a spell at you.
The fireball explodes!
The fireball engulfs you!!
* * * LOW HITPOINT WARNING * * *
The fireball engulfs the fire giant!
The fire giant resists.
The wall freezes the fire giant but does no damage.
The fire giant hits you with a +2 great sword of flaming!
* * * LOW HITPOINT WARNING * * *
The fire giant burns you.
* * * LOW HITPOINT WARNING * * *
Casting: Manifold Assault (safe; 1% risk of failure)
Confirm with . or Enter, or press ? or * to list all spells.
Charge where?
Press: ? - help, Dir - move target, f - fire giant
Aim: a fire giant, wielding a +2 great sword of flaming (97% to hit)
That's out of range!
Okay, then.
Blink to where?
Press: ? - help, Dir - move target Your frozen ramparts will break if you move.
Continue?
The frozen ramparts melt away as you move.
Found 18 gold pieces.
As you read the scroll of blinking, it crumbles to dust.
As you read the scroll of teleportation, it crumbles to dust.
You feel strangely unstable.
You feel better. The fire giant casts a spell at you.
The bolt of fire hits you!!
You die... #.. #.. # #.. $## ... #.# . #.# # # #@# #.#. #.# #.##H## #C# ## #.# DV#

#.######## ...
#.###†#)###.#.#.## ...
##..##C###.#.#.#.##..#
#C...)###.#.#.#.#.##.#
#..#..####.#.#.#.#.#.#.#
..
#.#.†##.#.#.#.#.#.##.#
..


You could see a fire giant.

Vanquished Creatures
  3 juggernauts
  the Enchantress (Depths:3)
  A golden dragon (Depths:2)
  An Ice Fiend (IceCv)
  2 liches (Depths:2)
  A titan (Depths:3)
  A sphinx (Depths:3)
  A tengu reaver (Depths:1)
  The ghost of Qymaymp the Geomancer, an adept GrEE of Vehumet (D:14)
  4 fire giants
  7 frost giants
  An orc warlord (D:14)
  An iron dragon (Depths:2)
  6 stone giants
  3 spriggan defenders (Depths:3)
  An ironbound preserver (D:14)
  7 very ugly things
  A vampire knight (Depths:2)
  Nessos (D:13)
  A dire elephant (Lair:4)
  4 spark wasps (Depths:3)
  A lorocyproca (Depths:1)
  A minotaur (Gauntlet)
  Azrael (D:12)
  4 ettins
  10 fire dragons
  A great orb of eyes (D:13)
  4 hydras
  5 rakshasas
  5 ice dragons
  2 caustic shrike simulacra (IceCv)
  4 spriggan air magi
  3 catoblepae
  An ogre mage (Orc:1)
  3 boulder beetles
  An alligator (Lair:4)
  9 death yaks
  8 orc high priests
  3 deep troll shamans
  5 tengu warriors
  6 centaur warriors
  3 deep troll earth magi
  A vampire mage (Depths:3)
  2 spriggan berserkers (Depths:3)
  Sonja (Orc:2)
  A skyshark (Lair:2)
  6 deep trolls
  3 iron trolls
  2 wizards
  2 flayed ghosts (Depths:2)
  17 spriggan simulacra (IceCv)
  A deep elf archer (D:13)
  A deep elf pyromancer (D:13)
  A harpy (shapeshifter) (D:15)
  2 phantasmal warriors (Depths:2)
  A lindwurm (Lair:5)
  An orc sorcerer (Orc:1)
  12 orc knights
  2 wolf spiders
  13 ugly things
  9 cyclopes
  5 manticores
  Maurice (D:12)
  11 black mambas
  15 elephants
  4 molten gargoyles
  A torpor snail (Lair:5)
  3 gargoyles
  2 water nymphs (Lair:2)
  An orange demon (Depths:1)
  11 cane toads
  An unseen horror (D:11)
  4 freezing wraiths
  Maggie (Lair:1)
  A rime drake (shapeshifter) (D:13)
  An unseen horror (shapeshifter) (D:14)
  2 efreet
  A yaktaur (D:15)
  A rime drake (Lair:4)
  9 komodo dragons
  7 ice devils
  11 trolls
  A meliai (D:13)
  2 red devils (Depths:1)
  3 hornets
  5 polar bears
  Grinder (D:5)
  2 spriggans (Depths:3)
  A shadow (D:12)
  10 slime creatures
  2 wraiths
  6 wyverns
  A dire elephant simulacrum (IceCv)
  34 yaks
  6 basilisks
  4 fire elementals
  5 vampire mosquitoes
  7 minotaur simulacra (IceCv)
  6 steam dragons
  5 wargs
  3 harpy simulacra (IceCv)
  An acid dragon (D:9)
  21 water moccasins
  A hydra simulacrum (IceCv)
  8 hell hounds
  A floating eye (Depths:2)
  2 black bears
  45 orc warriors
  2 sky beasts
  4 ice beasts
  6 ogres
  2 ettin simulacra (IceCv)
  37 wolves
  14 centaurs
  A phantom (D:6)
  3 kobold brigands
  16 bullfrogs
  2 gnoll sergeants
  4 scorpions
  7 deep troll simulacra (IceCv)
  19 wights
  25 killer bees
  2 lindwurm simulacra (IceCv)
  2 electric eels
  8 howler monkeys
  2 gnoll boudas
  2 jellies
  5 lava snakes (Lair:5)
  24 orc priests
  6 hounds
  2 sleepcaps
  An iguana (D:4)
  15 orc wizards
  A mummy (D:3)
  15 gnolls
  11 adders
  5 river rats
  A shadow imp (D:6)
  A white imp (D:6)
  2 dart slugs (D:1)
  106 orcs
  7 bats
  9 endoplasms
  3 giant cockroaches
  13 goblins
  4 hobgoblins
  2 jackals (D:1)
  8 quokkas
  19 ball pythons
  5 frilled lizards
  4 kobolds
  33 rats
  A spectral weapon (Depths:2)
944 creatures vanquished.

Vanquished Creatures (collateral kills)
  A black mamba (Lair:4)
1 creature vanquished.

Vanquished Creatures (others)
  A wizard (D:9)
  A dart slug (D:4)
  An orc (D:12)
  A hobgoblin (D:4)
  7 spectral weapons
11 creatures vanquished.

Grand Total: 956 creatures vanquished

Notes
Turn   | Place    | Note
-------+----------+-------------------------------------------
     0 | D:1      | RocketPapaya413 the Ogre Warper began the quest for the
                  | Orb.
     0 | D:1      | Reached XP level 1. HP: 22/22 MP: 3/3
   124 | D:1      | Reached skill level 2 in Maces & Flails
   319 | D:1      | Reached XP level 2. HP: 24/29 MP: 5/5
   900 | D:1      | Reached XP level 3. HP: 34/37 MP: 6/6
   903 | D:1      | Learned a level 2 spell: Blink
  1129 | D:2      | Noticed Sigmund
  1473 | D:3      | Reached XP level 4. HP: 46/49 MP: 7/7
  1479 | D:3      | Learned a level 4 spell: Manifold Assault
  1520 | D:3      | Reached skill level 5 in Fighting
  1536 | D:3      | Found a glowing drain.
  1540 | Sewer    | Entered a sewer
  1969 | Sewer    | Reached XP level 5. HP: 52/59 MP: 8/8
  2371 | Sewer    | Reached XP level 6. HP: 59/71 MP: 9/9
  2504 | Sewer    | Identified a scroll of acquirement
  2504 | Sewer    | Acquired 588 gold pieces
  2574 | D:3      | Found a snail-covered altar of Cheibriados.
  2591 | D:3      | Became a worshipper of Cheibriados the Contemplative
  2973 | D:4      | Reached * piety under Cheibriados
  3127 | D:3      | Reached skill level 3 in Maces & Flails
  3340 | D:3      | Found Cisosch's Distillery.
  3348 | D:3      | Bought a potion of enlightenment for 70 gold pieces
  3348 | D:3      | Bought a potion of ambrosia for 112 gold pieces
  3348 | D:3      | Bought a potion of lignification for 42 gold pieces
  3348 | D:3      | Bought a potion of curing for 42 gold pieces
  3348 | D:3      | Bought a potion of attraction for 42 gold pieces
  3348 | D:3      | Bought a potion of cancellation for 112 gold pieces
  3424 | D:4      | Reached XP level 7. HP: 43/80 MP: 10/10
  3430 | D:4      | Reached skill level 4 in Maces & Flails
  3700 | D:4      | Noticed a steam dragon
  3721 | D:4      | Killed a steam dragon
  3767 | D:4      | Learned a level 2 spell: Lesser Beckoning
  3851 | D:4      | Reached skill level 5 in Maces & Flails
  4137 | D:4      | Found a sacrificial altar of Ru.
  4146 | D:4      | Found an iron altar of Okawaru.
  4197 | D:5      | Entered Level 5 of the Dungeon
  4197 | D:5      | Found Igisyz's Armour Shop.
  4201 | D:5      | Bought a +1 hat for 165 gold pieces
  4254 | D:5      | Noticed Grinder
  4432 | D:5      | Reached ** piety under Cheibriados
  4433 | D:5      | Reached XP level 8. HP: 44/88 MP: 11/11
  4612 | D:5      | Reached skill level 6 in Maces & Flails
  4778 | D:5      | Found Ziehaf's Overcharged Wands.
  4802 | D:5      | Reached skill level 7 in Maces & Flails
  4972 | D:5      | Killed Grinder
  5103 | D:5      | Reached skill level 8 in Maces & Flails
  5629 | D:6      | Reached XP level 9. HP: 39/96 MP: 12/12
  5638 | D:6      | Reached skill level 9 in Maces & Flails
  5862 | D:6      | Reached *** piety under Cheibriados
  6097 | D:6      | Reached skill level 10 in Maces & Flails
  6651 | D:6      | Found a radiant altar of Vehumet.
  6848 | D:7      | Reached skill level 11 in Maces & Flails
  6859 | D:6      | Reached **** piety under Cheibriados
  7084 | D:7      | Learned a level 3 spell: Vhi's Electric Charge
  7188 | D:7      | Identified the +2 helmet of Pandemonium {rElec Will++
                  | Int-4}
  7197 | D:7      | Found Baipn's Antique Weapon Shoppe.
  7210 | D:7      | Found a staircase to the Ecumenical Temple.
  7300 | D:7      | Reached XP level 10. HP: 81/104 MP: 13/13
  7452 | D:7      | Found a glowing golden altar of the Shining One.
  7513 | D:7      | Acquired the +2 hat of the Sparrow {rN+ Will++ Str+2}
  7804 | D:8      | Found a hazy altar of Hepliaklqana.
  7980 | D:8      | Reached skill level 12 in Maces & Flails
  8076 | D:8      | Found a blossoming altar of Fedhas.
  8630 | D:9      | Found a flagged portal.
  8653 | Bailey   | Entered a bailey
  8665 | Bailey   | Reached ***** piety under Cheibriados
  8942 | Bailey   | Noticed an orc knight
  8989 | Bailey   | Killed an orc knight
  9215 | Bailey   | Reached skill level 13 in Maces & Flails
  9220 | Bailey   | Noticed an orc knight
  9232 | Bailey   | Killed an orc knight
  9442 | D:9      | Reached skill level 10 in Fighting
  9653 | D:9      | Reached XP level 11. HP: 117/117 MP: 14/14
  9717 | D:9      | Reached skill level 5 in Translocations
  9748 | D:9      | Learned a level 3 spell: Ozocubu's Armour
  9888 | D:9      | Found a bloodstained altar of Trog.
  9924 | D:9      | Reached skill level 1 in Ice Magic
 10056 | D:9      | Noticed a wizard
 10059 | D:9      | Killed a wizard
 10581 | D:10     | Entered Level 10 of the Dungeon
 10695 | D:10     | Reached ****** piety under Cheibriados
 11235 | D:11     | Found a staircase to the Lair.
 11349 | D:11     | Reached skill level 5 in Ice Magic
 11700 | D:11     | Reached skill level 5 in Spellcasting
 11830 | D:11     | Acquired 618 gold pieces
 11838 | D:11     | Noticed a boulder beetle
 11850 | D:11     | Killed a boulder beetle
 11968 | D:11     | Noticed a cyclops
 11971 | D:11     | Killed a cyclops
 12340 | D:12     | Reached XP level 12. HP: 126/126 MP: 22/22
 12362 | D:12     | Noticed Maurice
 12370 | D:12     | Noticed Azrael
 12497 | D:12     | Found Ifrib's Antique Weapon Shoppe.
 12916 | D:12     | Identified the ring "Bydysaid" {rElec rPois rN+ Str-3}
 13002 | D:12     | Killed Azrael
 13181 | D:12     | Killed Maurice
 13232 | D:12     | Found a staircase to the Orcish Mines.
 13319 | D:12     | Found Qucseobe's Armour Boutique.
 13347 | D:12     | Found Hezemela's Book Boutique.
 13360 | D:12     | Bought a There-And-Back Book for 450 gold pieces
 13364 | D:12     | Learned a level 3 spell: Gell's Gravitas
 13371 | D:12     | Learned a level 6 spell: Dispersal
 13405 | D:12     | Found Sunez's Distillery.
 13414 | D:12     | Bought a potion of invisibility for 120 gold pieces
 13414 | D:12     | Bought a potion of curing for 45 gold pieces
 13414 | D:12     | Bought a potion of curing for 45 gold pieces
 13414 | D:12     | Bought a potion of invisibility for 120 gold pieces
 13414 | D:12     | Bought a potion of might for 60 gold pieces
 13524 | D:12     | Found Onim's Assorted Antiques.
 13529 | D:12     | Bought 2 scrolls of identify for 108 gold pieces
 13529 | D:12     | Bought a scroll of teleportation for 81 gold pieces
 13529 | D:12     | Bought a scroll of brand weapon for 256 gold pieces
 13689 | Lair:1   | Entered Level 1 of the Lair of Beasts
 14106 | Lair:1   | Noticed Maggie
 14111 | Lair:1   | Killed Maggie
 14490 | Lair:2   | Found a gate leading to a gauntlet.
 14598 | Gauntlet | Entered a Gauntlet
 14598 | Gauntlet | Found a transporter.
 14607 | Gauntlet | Found a transporter.
 14608 | Gauntlet | Noticed a catoblepas
 14610 | Gauntlet | Found a transporter.
 14613 | Gauntlet | Found a transporter.
 14613 | Gauntlet | Found a transporter.
 14614 | Gauntlet | Found a transporter.
 14616 | Gauntlet | Noticed a hell hog
 14625 | Gauntlet | Found a transporter.
 14666 | Gauntlet | Found a transporter.
 14700 | Gauntlet | Found a transporter.
 14717 | Gauntlet | Found a transporter.
 14721 | Gauntlet | Found a transporter.
 14729 | Gauntlet | Found a transporter.
 14859 | Gauntlet | Killed a catoblepas
 14984 | Gauntlet | Reached skill level 14 in Maces & Flails
 14984 | Gauntlet | Reached XP level 13. HP: 126/146 MP: 8/25
 15084 | Gauntlet | Identified the +6 chain mail of the Minstrel {rPois rC+}
 15084 | Gauntlet | Noticed a minotaur
 15096 | Gauntlet | Killed a minotaur
 15470 | Lair:2   | Found a staircase to the Shoals.
 15540 | Lair:2   | Reached skill level 15 in Maces & Flails
 15738 | Lair:2   | Found a hole to the Spider Nest.
 17093 | Lair:4   | Reached skill level 16 in Maces & Flails
 17792 | Lair:4   | Reached XP level 14. HP: 156/156 MP: 5/26
 18048 | Lair:4   | Reached skill level 17 in Maces & Flails
 18179 | Lair:4   | Noticed a dire elephant
 18215 | Lair:4   | Killed a dire elephant
 18640 | Lair:5   | Entered Level 5 of the Lair of Beasts
 18693 | Lair:5   | Reached skill level 18 in Maces & Flails
 19181 | Lair:5   | Found a large runed translucent door.
 19182 | Lair:5   | Found a large runed translucent door.
 19563 | Lair:5   | Reached skill level 19 in Maces & Flails
 19864 | Lair:5   | Found a staircase to the Slime Pits.
 19864 | Lair:5   | Found a viscous altar of Jiyva.
 19875 | Lair:5   | Reached XP level 15. HP: 163/163 MP: 12/27
 20581 | Orc:1    | Entered Level 1 of the Orcish Mines
 21046 | Orc:1    | Found Roontiusk's Book Shop.
 21298 | Orc:2    | Entered Level 2 of the Orcish Mines
 21334 | Orc:2    | Found a staircase to the Elven Halls.
 21334 | Orc:2    | Found Mutoamne's Book Shoppe.
 21564 | Orc:2    | Noticed Sonja
 21567 | Orc:2    | Killed Sonja
 21601 | Orc:2    | Found Meemoyne's Book Shop.
 21814 | Orc:2    | Found Ifum's Antique Weapon Emporium.
 22003 | Orc:2    | Reached skill level 20 in Maces & Flails
 22434 | Orc:2    | Found Xiboxyll's Magic Scroll Emporium.
 22434 | Orc:2    | Found Zami's Weapon Emporium.
 22438 | Orc:2    | Found Yngedimp's Jewellery Shoppe.
 22438 | Orc:2    | Found Roipruy's Antique Armour Emporium.
 22446 | Orc:2    | Bought an amulet of magic regeneration for 420 gold pieces
 22459 | Orc:2    | Bought a scroll of acquirement for 728 gold pieces
 22459 | Orc:2    | Bought a scroll of blinking for 105 gold pieces
 22460 | Orc:2    | Acquired the scarf of Burning Music {repulsion, rElec rN++
                  | Str+4}
 22482 | Orc:2    | Acquired the Volume of Befouled Frost
 22488 | Orc:2    | Learned a level 3 spell: Frozen Ramparts
 22672 | D:13     | Identified the +7 great sword of Karma {flame, Int+5}
 22996 | D:13     | You fall into a shaft and drop 2 floors!
 22996 | D:15     | Entered Level 15 of the Dungeon
 23002 | D:15     | Found a hide-covered altar of Uskayaw.
 23006 | D:15     | Found the +6 lightning scales {swift, rElec}
 23143 | D:14     | Found a frozen archway.
 23164 | IceCv    | Entered an ice cave
 23168 | IceCv    | Reached skill level 21 in Maces & Flails
 23696 | IceCv    | Reached XP level 16. HP: 36/172 MP: 28/28
 24477 | IceCv    | Noticed an Ice Fiend
 24481 | IceCv    | Killed an Ice Fiend
 24567 | IceCv    | Got the Directory of Graupel
 24646 | D:14     | Reached skill level 22 in Maces & Flails
 24662 | D:14     | Found a gate to the Vaults.
 24833 | D:14     | Reached skill level 15 in Fighting
 25056 | D:14     | Found a broken altar of Ashenzari.
 25124 | D:14     | Found a runed translucent gate.
 25125 | D:14     | Found a runed translucent gate.
 25126 | D:14     | Found a runed translucent gate.
 25127 | D:14     | Noticed Qymaymp's ghost (adept GrEE)
 25127 | D:14     | Identified the +3 spear of Rar Ydul {spect, Str+5}
 25132 | D:14     | Found the +0 pair of fencer's gloves {Riposte Dex+3}
 25146 | D:14     | Killed Qymaymp's ghost
 25618 | D:13     | Noticed Nessos
 25621 | D:13     | Killed Nessos
 25889 | D:13     | Identified the amulet "Xifoipoga" {Reflect Drain rC+ Will+
                  | Int+2 SH+5}
 26019 | D:15     | Found a staircase to the Depths.
 26485 | Depths:1 | Entered Level 1 of the Depths
 26596 | Depths:1 | Found a one-way gate leading to the halls of Pandemonium.
 26716 | Depths:1 | Found a one-way gate to the infinite horrors of the Abyss.
 26818 | Depths:1 | Found Cemaif's Antique Weapon Shop.
 26838 | Depths:1 | Noticed a tengu reaver
 26839 | Depths:1 | Found Ohapigau's Weapon Shoppe.
 26839 | Depths:1 | Killed a tengu reaver
 26898 | Depths:1 | Reached XP level 17. HP: 193/193 MP: 29/29
 26951 | Depths:1 | Found a one-way gateway to a ziggurat.
 27038 | Depths:1 | Found a gateway to Hell.
 27113 | Depths:1 | Found Akhele's Book Shoppe.
 27119 | Depths:1 | Bought Seheroll's Elucidation of the Hindering Xenolith for
                  | 648 gold pieces
 27122 | Depths:1 | Learned a level 2 spell: Passwall
 27341 | Depths:1 | Found Yly Qyown's Antique Armour Shoppe.
 27463 | Depths:1 | Found a basalt altar of Yredelemnul.
 27472 | Depths:1 | Found Nihy's Demolitions Depot.
 27533 | Depths:1 | Found Viun Ech's Jewellery Boutique.
 27533 | Depths:1 | Found Cuwoeq's Book Emporium.
 27534 | Depths:1 | Found Ruotaxy's Jewellery Boutique.
 27540 | Depths:1 | Bought a ring of see invisible for 300 gold pieces
 28006 | Depths:2 | Identified the +0 great sword of Accord {heavy, rElec rC+
                  | Int+4}
 28174 | Depths:2 | Reached skill level 1 in Invocations
 28258 | Depths:2 | Reached skill level 5 in Invocations
 28274 | Depths:2 | Identified the +3 war axe of Viwk {drain, Str+4 Stlth+}
 28289 | Depths:2 | Noticed a juggernaut
 28294 | Depths:2 | Killed a juggernaut
 28306 | Depths:2 | Noticed a juggernaut
 28314 | Depths:2 | Killed a juggernaut
 28314 | Depths:2 | Noticed a lich
 28321 | Depths:2 | Killed a lich
 28324 | Depths:2 | Noticed a golden dragon
 28327 | Depths:2 | Killed a golden dragon
 28339 | Depths:2 | Noticed a lich
 28341 | Depths:2 | Killed a lich
 28395 | Depths:2 | Acquired 1089 gold pieces
 28735 | Depths:2 | Reached skill level 10 in Invocations
 28852 | Depths:3 | Reached XP level 18. HP: 195/204 MP: 12/30
 28990 | Depths:3 | Identified the +4 shortbow "Pelli" {elec, rPois MP+9 Int+3
                  | SInv}
 29010 | Depths:3 | Noticed the Enchantress
 29019 | Depths:3 | Killed the Enchantress
 29386 | Depths:3 | Noticed a titan
 29388 | Depths:3 | Killed a titan
 29395 | Depths:3 | Noticed a juggernaut
 29401 | Depths:3 | Killed a juggernaut
 29409 | Depths:3 | Killed from afar by a fire giant

Illustrated notes

Levels and vault maps discovered:
D:1:      giann_wishing_wells, layout_loops_corners, nrook_uturn
D:2:      layout_loops_corners, basic_altar, uniq_sigmund,
          uniq_crazy_yiuf_cottage
D:3:      layout_loops_ring, chei_slow_surprise, serial_shops, shop,
          gup_sewer_entry_bowl, dk_noncrumbling_3
D:4:      layout_cave_pools, mainiacjoe_overflow_swirl, hangedman_decor_riveting
D:5:      layout_basic, serial_shops, nicolae_shop_hallway_stairs,
          nicolae_shop_overcharged_wands, uniq_grinder
D:6:      layout_loops_cross, lemuel_crystal_altar, st_stairs_1
D:7:      layout_basic, nicolae_tso_carved_into_rock, temple_pool_b,
          serial_shops, shop
D:8:      layout_basic, nicolae_hepliaklqana_hazy_memory,
          mainiacjoe_overflow_alcove_1
D:9:      layout_stronghold, trog_wizard, enter_bailey_5, minmay_joined_circles
D:10:     layout_rooms, statue_in_the_mist_lemuel
D:11:     layout_loops_corners, lair_entry_dummy, minmay_quadrilaterals
D:12:     layout_roguey, erik_orc_4, serial_shops, shop, shop,
          nicolae_shop_waterfront, nicolae_stop_n_shop_2, shop, uniq_azrael,
          uniq_maurice
D:13:     minmay_ambush_box, layout_irregular_city, minmay_misc_feat_chi,
          nicolae_titane, uniq_nessos
D:14:     layout_stronghold, skrybe_vaults_entry_preservation,
          biasface_ghost_orc_armoury, small_statue_intersection,
          portal_ice_cave_entry_pillars_three, serial_column_ruins,
          column_ruins_circle_medium, column_ruins_open_tiny,
          column_ruins_grid_3, column_ruins_columns_T,
          column_ruins_columns_straight, column_ruins_columns_straight,
          column_ruins_open_tiny, evilmike_ruin_ashenzari
D:15:     grunt_enter_depths_giant_problem, layout_rooms,
          chequers_decorated_corner, eat_drink_and_be_merry_uskayaw
Lair:1:   layout_roguey, uniq_maggie
Lair:2:   layout_gridlike, nicolae_shoals_entry_flooding,
          spider_nest_entry_rubble, gauntlet_entry_generic,
          grunt_forest_large_clearings, infiniplex_staircase_pool
Lair:3:   layout_regular_city, grunt_megastairs_5
Lair:4:   layout_gridlike, minivault_26, nicolae_lair_lakeside_cave
Lair:5:   cheibrodos_lair_end_hotspot, layout_layer_cave,
          nicolae_slime_entry_slimehenge, lemuel_fruit_tree
Orc:1:    layout_caves, serial_shops, nicolae_book_shop_shelving,
          guppyfry_orc_lava_fort
Orc:2:    st_orc_pillars, layout_caves, basic_altar, serial_shops,
          nicolae_diamond_shop, shop, nicolae_shop_rolling_square, uniq_sonja
Depths:1: layout_basic, enter_ziggurat_a, rand_demon_pan_entry_3, serial_shops,
          nicolae_shop_getting_attention, shop, shop,
          nicolae_shop_real_fake_doors, hell_entry, yredelemnul_altar_generic,
          abyss_entry_small_statue_room, nicolae_blasting_shop,
          minmay_protected_statue, minmay_shop_grove
Depths:2: minmay_expanding_squares, layout_honeycomb,
          kennysheep_decorative_pillar, pf_hell_entry_great_geh, abyss_entry,
          pan_entry
Depths:3: minmay_the_grid_octo_triangle [minmay_the_grid_octo_fat_diamond,
          minmay_the_grid_octo_prize_single_spiral,
          minmay_the_grid_octo_checkered], layout_small_grid, hell_entry,
          abyss_entry, nicolae_vehumet_radiance, uniq_enchantress

Skill      XL: |  1  2  3  4  5  6  7  8  9 10 11 12 13 14 15 16 17 18 |
---------------+-------------------------------------------------------+-----
Maces & Flails | 2 3 5 8 11 13 14 16 19 21 22 | 22.0
Throwing       | 2 |  2.0
Fighting       | 3 4 6 7 8 10 14 18 | 18.0
Translocations | 3 6 9 |  9.0
Ice Magic      | 5 |  5.0
Spellcasting   | 7 8 |  8.0
Invocations    | 10 13 | 13.5
Dodging        | |  2.1

Action                     |  1- 3 |  4- 6 |  7- 9 | 10-12 | 13-15 | 16-18 || total
---------------------------+-------+-------+-------+-------+-------+-------++-------
  Melee: Mace              |   141 |   231 |       |       |       |       ||   372
         Punch             |     2 |     1 |     2 |       |       |       ||     5
         Flail             |       |    21 |   308 |       |       |       ||   329
         Dire flail        |       |       |   133 |   585 |   433 |       ||  1151
         Giant spiked club |       |       |       |       |   459 |   432 ||   891
  Throw: Dart              |       |     5 |     6 |     4 |     4 |       ||    19
         Large rock        |       |       |       |    11 |    30 |     3 ||    44
   Cast: Blink             |       |       |     1 |     2 |       |       ||     3
         Manifold Assault  |       |       |     2 |    47 |   158 |   113 ||   320
         Vhi's Electric Ch |       |       |     1 |    13 |    27 |    18 ||    59
         Lesser Beckoning  |       |       |       |    13 |    26 |    32 ||    71
         Ozocubu's Armour  |       |       |       |     2 |    11 |     7 ||    20
         Dispersal         |       |       |       |       |     2 |       ||     2
         Gell's Gravitas   |       |       |       |       |     2 |       ||     2
         Frozen Ramparts   |       |       |       |       |       |     8 ||     8
 Invoke: Bend Time         |       |       |     1 |       |       |       ||     1
         Slouch            |       |       |       |     1 |       |     1 ||     2
  Evoke: Wand              |       |     3 |     2 |     2 |    12 |       ||    19
         Box of beasts     |       |       |       |       |     1 |       ||     1
    Use: Scroll            |     3 |     6 |     2 |    26 |    18 |     5 ||    60
         Potion            |       |     2 |     6 |     9 |     6 |     5 ||    28
   Stab: Sleeping          |       |     1 |       |     2 |     2 |       ||     5
         Invisible         |       |       |     3 |     5 |       |       ||     8
         Distracted        |       |       |       |       |     4 |     4 ||     8
 Armour: Robe              |    90 |   140 |   207 |   114 |    78 |     1 ||   630
         Skin              |       |       |    18 |       |       |       ||    18
         Troll leather arm |       |       |       |   128 |   205 |    82 ||   415
         Acid dragon scale |       |       |       |       |       |     5 ||     5
  Dodge: Dodged            |    88 |   189 |   218 |   296 |   220 |    75 ||  1086
         Repelled          |       |       |       |       |       |     2 ||     2

Table legend: (Time is in decaauts)
 A = Elapsed time spent in this place.
 B = Non-inter-level travel time spent in this place.
 C = Inter-level travel time spent in this place.
 D = Time resting spent in this place.
 E = Time spent auto-exploring this place.
 F = Levels seen in this place.
 G = Mean time per level.
                   A        B        C        D        E       F      G
               +--------+--------+--------+--------+--------+-----+--------+
         Total |  43463 |  41603 |   1860 |   4808 |  24968 |  29 | 1498.7 |
       Dungeon |  21398 |  20243 |   1155 |   1979 |  12773 |  15 | 1426.5 |
          Lair |   9974 |   9578 |    396 |    424 |   6725 |   5 | 1994.8 |
  Orcish Mines |   2871 |   2625 |    246 |    340 |   1768 |   2 | 1435.5 |
        Depths |   4668 |   4606 |     62 |    228 |   3269 |   3 | 1556.0 |
         Sewer |   1011 |   1011 |      0 |    532 |      0 |   1 | 1011.0 |
        Bailey |    819 |    819 |      0 |    448 |      0 |   1 |  819.0 |
      Ice Cave |   1921 |   1921 |      0 |    747 |    433 |   1 | 1921.0 |
      Gauntlet |    798 |    798 |      0 |    108 |      0 |   1 |  798.0 |
               +--------+--------+--------+--------+--------+-----+--------+

Top non-repeatable levels by time:
  Lair:5: 2805 daAuts
  Lair:4: 2419 daAuts
    D:11: 2314 daAuts
    D:12: 2183 daAuts
Depths:1: 2047 daAuts
     D:9: 1950 daAuts
    D:14: 1942 daAuts
   IceCv: 1921 daAuts
Depths:2: 1871 daAuts
  Lair:2: 1839 daAuts
     D:6: 1765 daAuts
   Orc:2: 1698 daAuts
     D:5: 1695 daAuts
  Lair:3: 1573 daAuts
     D:3: 1427 daAuts
